 Dungeon Crawl Stone Soup version 0.30-a0-639-g3916f1956a (webtiles) character file.

Game seed: 527914804725335644

67 timneilson the Slasher (level 4, -1/34 HPs)
             Began as a Demonspawn Gladiator on Jan 15, 2023.
             Slain by a gnoll
             ... wielding a +0 halberd
              (9 damage)
             ... on level 3 of the Dungeon.
             The game lasted 00:02:25 (1432 turns).

timneilson the Slasher (Demonspawn Gladiator)       Turns: 1432, Time: 00:02:26

Health: -1/34      AC: 13    Str: 16    XL:     4   Next: 0%
Magic:  4/4        EV:  7    Int:  9    God:
Gold:   100        SH:  0    Dex: 15    Spells: 3/3 levels left

rFire   . . .      SeeInvis .    a - +0 long sword
rCold   . . .      Faith    .    (no shield)
rNeg    . . .      Spirit   .    h - +0 chain mail
rPois   .          Reflect  .    c - +0 helmet
rElec   +          Harm     .    (no cloak)
rCorr   .          Rampage  .    (no gloves)
Will    .....                    (no boots) Stlth
                                 (no amulet)
HPRegen 0.25/turn                (no ring)
MPRegen 0.09/turn                (no ring)

@: no status effects
A: thin metallic scales 3
a: no special abilities


You were on level 3 of the Dungeon.
You visited 1 branch of the dungeon, and saw 3 of its levels.

You collected 100 gold pieces.

Inventory:

Hand Weapons
 a - a +0 long sword (weapon)
Missiles
 d - 3 throwing nets (quivered)
 e - a javelin
Armour
 c - a +0 helmet (worn)
 h - a +0 chain mail (worn)
Scrolls
 j - a scroll of teleportation
Potions
 b - 3 potions of degeneration {unknown}
 g - a potion of heal wounds {unknown}
 i - a potion of ambrosia {unknown}
 k - a potion of haste {unknown}
 l - 2 potions of mutation
 m - a potion of flight {unknown}


   Skills:
 + Level 2.4 Fighting
 * Level 3.3 Long Blades
 - Level 1.7 Throwing
 * Level 1.7 Armour
 + Level 3.0 Dodging


You had 3 spell levels left.
You didn't know any spells.
Your spell library was empty.

Dungeon Overview and Level Annotations

Branches:
Dungeon (3/15)

Altars:


Innate Abilities, Weirdness & Mutations

You are completely covered in thin metallic scales. (AC +4, rElec)


Message History

You kill the gnoll!
A ball python comes into view.
The ball python hisses angrily.
You hit the gnoll.
The gnoll is lightly wounded.
The gnoll barely misses you.
The gnoll hits you but does no damage. x2
The gnoll barely misses you.
You closely miss the gnoll.
The gnoll is lightly wounded.
The gnoll hits you with a +0 whip.
The gnoll hits you from afar with a +0 halberd.
You hit the gnoll.
The gnoll is severely wounded.
The gnoll hits you but does no damage.
A gnoll comes into view. It is wielding a +0 spear.
The gnoll completely misses you.
You closely miss the gnoll.
The gnoll is severely wounded.
The gnoll shouts!
The gnoll closely misses you. The gnoll hits you with a +0 whip.
You slash the gnoll!
You kill the gnoll!
The gnoll hits you from afar with a +0 halberd.
You have reached level 4!
You feel agile.
Your demonic ancestry asserts itself...
Thin metallic scales cover your body completely.
The gnoll barely misses you.
The gnoll hits you from afar with a +0 spear.
Things that are here:
a +0 whip; a +0 flail; a gnoll corpse You slash the gnoll!
The gnoll is severely wounded.
The gnoll hits you but does no damage. The gnoll hits you with a +0 halberd.
The gnoll hits you but does no damage.
The gnoll hits you from afar with a +0 spear.
* * * LOW HITPOINT WARNING * * *
You barely miss the gnoll.
The gnoll is severely wounded.
The gnoll hits you with a +0 halberd!
You die...

#.# #.#
#.########
#..[..<..#
#.........#
#.######..#
#.# ..# #.#
.# #@# .#
#g# #


.Sg ..#.. ##. .## ## ## You could see 2 gnolls and a ball python.

Vanquished Creatures
  3 gnolls
  A worm (D:2)
  4 dart slugs
  A bat (D:2)
  3 endoplasms
  2 giant cockroaches
  3 hobgoblins
  3 jackals
  A quokka (D:2)
  2 ball pythons (D:1)
  A goblin (D:1)
  A kobold (D:1)
  3 rats
28 creatures vanquished.

Notes
Turn   | Place    | Note
-------+----------+-------------------------------------------
     0 | D:1      | timneilson the Demonspawn Gladiator began the quest for the
                  | Orb.
     0 | D:1      | Reached XP level 1. HP: 16/16 MP: 1/1
   106 | D:1      | Found a faded altar of an unknown god.
   296 | D:1      | Gained mutation: You are partially covered in thin metallic
                  | scales. (AC +2) [demonic ancestry]
   296 | D:1      | Reached XP level 2. HP: 20/22 MP: 2/2
   379 | D:1      | Reached skill level 1 in Armour
   759 | D:1      | Gained mutation: You are mostly covered in thin metallic
                  | scales. (AC +3) [demonic ancestry]
   759 | D:1      | Reached XP level 3. HP: 25/27 MP: 3/3
  1430 | D:3      | Gained mutation: You are completely covered in thin
                  | metallic scales. (AC +4, rElec) [demonic ancestry]
  1430 | D:3      | Reached XP level 4. HP: 17/34 MP: 4/4
  1432 | D:3      | Slain by a gnoll

Illustrated notes

Levels and vault maps discovered:
D:1:      onia_arrival_pyramid, layout_basic, basic_ecumenical_altar,
          minmay_pentomino_u4
D:2:      layout_loops_cross, minmay_misc_feat_x
D:3:      layout_loops_ring, elyvilon_altar_4, gammafunk_ghost_arena,
          portal_sewer_entry_f

Skill      XL: |  1  2  3 |
---------------+----------+-----
Long Blades    | 3 |  3.3
Armour         | 1 |  1.7
Dodging        | 3 |  3.0
Fighting       | |  2.4
Throwing       | |  1.7

Action                   |  1- 3 |  4- 6 || total
-------------------------+-------+-------++-------
Melee: Long sword        |    82 |     2 ||    84
  Use: Scroll            |     5 |       ||     5
Armor: Scale mail        |    11 |       ||    11
       Chain mail        |    41 |     2 ||    43
Dodge: Dodged            |    47 |     1 ||    48

Table legend: (Time is in decaauts)
 A = Elapsed time spent in this place.
 B = Non-inter-level travel time spent in this place.
 C = Inter-level travel time spent in this place.
 D = Time resting spent in this place.
 E = Time spent auto-exploring this place.
 F = Levels seen in this place.
 G = Mean time per level.
                   A        B        C        D        E       F      G
               +--------+--------+--------+--------+--------+-----+--------+
         Total |   1452 |   1399 |     53 |    115 |    968 |   3 |  484.0 |
       Dungeon |   1452 |   1399 |     53 |    115 |    968 |   3 |  484.0 |
               +--------+--------+--------+--------+--------+-----+--------+

Top non-repeatable levels by time:
     D:1: 762 daAuts
     D:2: 665 daAuts
     D:3: 24 daAuts
